 Dungeon Crawl Stone Soup version 0.29.1-2-gbd0b4ee654 (webtiles) character file.

Game seed: 15378779711715059024

58693 Lutefisk the Cleaver (level 14, -8/80 HPs)
             Began as a Vine Stalker Brigand on Oct 31, 2022.
             Was a High Priest of Nemelex Xobeh.
             Mangled by an orc warrior
             ... wielding a +0 dire flail
             ... led by an orc knight
              (10 damage)
             ... on level 2 of the Orcish Mines.
             The game lasted 01:11:58 (10453 turns).

Lutefisk the Cleaver (Vine Stalker Brigand)        Turns: 10453, Time: 01:11:59

Health: -8/80      AC:  9    Str: 16    XL:     14   Next: 91%
Magic:  0/21       EV: 17    Int: 16    God:    Nemelex Xobeh [*****.]
Gold:   837        SH:  0    Dex: 16    Spells: 13/13 levels left

rFire   + . .      SeeInvis .   v - +9 broad axe (vamp)
rCold   + . .      Faith    .   (no shield)
rNeg    . . .      Spirit   +   L - +2 leather armour "Caed" {rC+ Int+3}
rPois   +          Reflect  .   (no helmet)
rElec   .          Harm     .   c - +0 cloak
rCorr   .          Rampage  .   G - +0 pair of gloves
Will    +++++                   (no boots)
Stlth   +++.......              (no amulet)
HPRegen 1.03/turn               U - ring "Yvyebefa" {rPois rF+ Will++ Int+2 Dex-3}
MPRegen 0.17/turn               u - ring of Nihilism {Will++ Slay+4}

@: about to teleport
A: fangs 3, regeneration 1, magic shield, antimagic bite, no potion heal 2
a: Renounce Religion, Draw Escape, Draw Destruction, Draw Summoning, Triple
Draw, Deal Four, Stack Five


You were on level 2 of the Orcish Mines.
You worshipped Nemelex Xobeh.
Nemelex Xobeh was extremely pleased with you.
You visited 4 branches of the dungeon, and saw 18 of its levels.
You also visited: Sewer, Bailey and Ice Cave.

You collected 1663 gold pieces.
You spent 826 gold pieces at shops.

Inventory:

Hand Weapons
 a - a +2 dagger
 f - a +4 short sword
 p - a +0 rapier
 v - a +9 vampiric broad axe (weapon)
Missiles
 d - 43 poisoned darts (quivered)
 e - 4 curare-tipped darts
Armour
 c - a +0 cloak (worn)
 G - a +0 pair of gloves (worn)
 L - the +2 leather armour "Caed" (worn) {rC+ Int+3}
   (You found it on level 8 of the Dungeon)

   Int:       It affects your intelligence (+3).
   rC:        It protects you from cold.
Magical Staves
 E - a staff of fire
Jewellery
 t - a +6 ring of strength
 u - the ring of Nihilism (right hand) {Will++ Slay+4}
   (You found it in an ice cave)

   [ring of slaying]

   Slay:      It affects your accuracy & damage with ranged weapons and melee
   (+4).
   Will:      It greatly increases your willpower.
 z - a ring of resist corrosion
 D - a ring of positive energy
 O - a ring of see invisible
 P - a +6 ring of dexterity
 Q - the amulet of the Eagle {Harm rF- Regen+ Str+10 Int-5}
   (You found it on level 3 of the Lair of Beasts)

   [amulet of regeneration]

   Str:       It affects your strength (+10).
   Int:       It affects your intelligence (-5).
   rF:        It makes you vulnerable to fire.
   Regen:     It increases your rate of health regeneration.
   Harm:      It increases damage dealt and taken.
 U - the ring "Yvyebefa" (left hand) {rPois rF+ Will++ Int+2 Dex-3}
   (You bought it in a shop on level 2 of the Orcish Mines)

   [ring of poison resistance]

   Int:       It affects your intelligence (+2).
   Dex:       It affects your dexterity (-3).
   rF:        It protects you from fire.
   rPois:     It protects you from poison.
   Will:      It greatly increases your willpower.
Wands
 q - a wand of acid (10)
 M - a wand of charming (11)
 T - a wand of polymorph (3)
Scrolls
 h - 4 scrolls of teleportation
 j - a scroll of fear {unknown}
 n - 4 scrolls of fog
 s - a scroll of brand weapon {unknown}
 w - 3 scrolls of poison
 x - 5 scrolls of enchant armour
 y - a scroll of immolation {unknown}
 B - 2 scrolls of magic mapping
 C - 3 scrolls of amnesia
 J - a scroll of acquirement {unknown}
 K - 4 scrolls of vulnerability
 V - a scroll of identify
Potions
 b - 7 potions of mutation
 g - 3 potions of brilliance
 i - 3 potions of flight
 k - 5 potions of magic {unknown}
 l - 5 potions of curing
 m - a potion of invisibility {unknown}
 o - a potion of berserk rage {unknown}
 r - 2 potions of attraction
 A - 6 potions of haste
 F - 4 potions of ambrosia
 H - 3 potions of cancellation
 I - 3 potions of lignification {unknown}
 R - 3 potions of might {unknown}
 S - a potion of experience
Miscellaneous
 N - a tin of tremorstones (2/2)


   Skills:
 - Level 12.0 Fighting
 - Level 1.7(2.1) Short Blades
 - Level 1.4(2.0) Long Blades
 - Level 12.0 Axes
 - Level 2.0 Throwing
 * Level 9.1 Armour
 - Level 10.0 Dodging
 - Level 5.0 Stealth
 - Level 8.0 Invocations
 - Level 5.0 Evocations


You had 13 spell levels left.
You didn't know any spells.
Your spell library contained the following spells:

 Spells                   Type           Power      Damage    Failure   Level
 Apportation              Tloc           0%         N/A       28%         1
 Freeze                   Ice            0%         1d3       28%         1
 Magic Dart               Conj           0%         1d3       28%         1
 Necrotise                Necr           0%         1d4       28%         1
 Summon Small Mammal      Summ           0%         N/A       28%         1
 Call Imp                 Summ           0%         N/A       41%         2
 Searing Ray              Conj           0%         2d4       41%         2
 Frozen Ramparts          Ice            0%         1d1       65%         3
 Gell's Gravitas          Tloc           0%         N/A       65%         3
 Mephitic Cloud           Conj/Pois/Air  0%         N/A       65%         3
 Ozocubu's Armour         Ice            0%         N/A       65%         3
 Summon Guardian Golem    Hex/Summ       0%         N/A       65%         3
 Teleport Other           Tloc           0%         N/A       65%         3
 Airstrike                Air            0%         2d(0-16)  96%         4
 Animate Armour           Summ/Erth      0%         N/A       96%         4
 Fulminant Prism          Conj/Hex       0%         3d6       96%         4
 Hailstorm                Conj/Ice       0%         3d3       96%         4
 Ice Form                 Ice/Tmut       0%         N/A       96%         4
 Summon Ice Beast         Ice/Summ       0%         N/A       96%         4
 Summon Lightning Spire   Summ/Air       0%         N/A       96%         4
 Blade Hands              Tmut           0%         N/A       100%        5
 Lightning Bolt           Conj/Air       0%         1d11      100%        5
 Metabolic Englaciation   Hex/Ice        0%         N/A       100%        5
 Summon Mana Viper        Hex/Summ       0%         N/A       100%        5
 Dispersal                Tloc           0%         N/A       100%        6
 Iron Shot                Conj/Erth      0%         9d1       100%        6
 Simulacrum               Ice/Necr       0%         N/A       100%        6
 Monstrous Menagerie      Summ           0%         N/A       100%        7
 Orb of Destruction       Conj           0%         9d5       100%        7
 Spellforged Servitor     Conj/Summ      0%         N/A       100%        7


Dungeon Overview and Level Annotations

Branches:
Dungeon (10/15)            Temple (1/1) D:6            Lair (5/5) D:8
  Snake (0/4) Lair:2          Orc (2/2) D:10            Elf (0/3) Orc:2
  Sewer (visited)          Bailey (visited)           IceCv (visited)
  Swamp: Lair:2-3    Shoals: Lair:2-3     Slime: Lair:4-5

Altars:
Ashenzari
Cheibriados
Dithmenos
Elyvilon
Fedhas
Gozag
Hepliaklqana
Kikubaaqudgha
Makhleb
Nemelex Xobeh
Okawaru
Ru
Sif Muna
Trog
Uskayaw
Vehumet
Wu Jian
Xom
Yredelemnul
The Shining One
Jiyva

Shops:
D:3 *   D:5 *   Orc:2 (====

Portals:
Trove: D:10 (give 2 scrolls of acquirement)

Annotations:
Lair:3 exclusion: oklob plant
Lair:4 Snorg
Lair:5 2 runed translucent doors, exclusion: oklob plant


Innate Abilities, Weirdness & Mutations

You have razor-sharp teeth.
Your natural rate of healing is unusually fast.
When hurt, damage is shared between your health and your magic reserves.
Your bite disrupts and absorbs the magic of your enemies.
Potions cannot restore your health.


Message History

You slash the warg!
You feel better.
You kill the warg!
An orc warrior comes into view.
It is wielding a +2 scimitar of freezing.
The orc warrior closely misses you.
The orc priest invokes the aid of Beogh against you.
You resist with almost no effort.
Unknown command.
An orc warrior comes into view. It is wielding a +0 hand axe.
The orc warrior hits you with a +0 trident!
Unknown command.
The orc warrior shouts!
You slash the orc warrior! You bite the orc warrior! You drain its power.
You feel invigorated.
The orc warrior is severely wounded.
You hear a shout!
The orc warrior hits you with a +0 trident!!
The orc warrior hits you from afar with a +3 halberd of venom!!
You are lethally poisoned!
Unknown command.
Okay, then.
Your system rejects the healing.
You feel better.
The orc knight hits you with a +2 war axe of venom.
The orc warrior closely misses you.
As you read the scroll of teleportation, it crumbles to dust.
You feel strangely unstable.
The orc knight hits you with a +2 war axe of venom!!
* * * LOW HITPOINT WARNING * * *
The orc warrior closely misses you.
The orc priest hits you from afar with a +1 vampiric trident!
* * * LOW HITPOINT WARNING * * *
The orc warrior barely misses you.
The orc warrior attacks as you move away!
The orc warrior hits you with a +0 trident.
* * * LOW HITPOINT WARNING * * *
The orc warrior misses you.
Unknown command.
The orc warrior attacks as you move away!
The orc warrior hits you with a +0 dire flail!
You die...
Your body glows with a rainbow of weird colours and disappears.

##..........##...#
#.......#.......###
##.#...........##.##
#.....#.#......#...#
##.......#........#
#................#
##.#........#.#.##
#.......###...##
#........# ##@###
#.......## #.ooo#
##..##### ##)oo...#
... #.....## .$
##oo....# #o......#
#.......# #.......#
.........


You could see an orc knight, 5 orc warriors, an orc priest (strong) and an orc
(strong).

Vanquished Creatures
  Rupert (Lair:5)
  Erolcha (D:9)
  A hydra (Lair:4)
  5 orc high priests
  8 death yaks
  Nergalle (Lair:1)
  Amaemon (D:9)
  A lindwurm (Lair:5)
  An orc knight (Orc:1)
  A cyclops (Orc:2)
  An orc sorcerer (Orc:2)
  An ugly thing (IceCv)
  7 elephants
  Maurice (D:10)
  2 molten gargoyles (Lair:5)
  An orange demon (D:9)
  2 black mambas
  2 ice statues (IceCv)
  Joseph (Lair:1)
  7 cane toads
  A kobold demonologist (D:10)
  16 komodo dragons
  5 polar bears
  A queen bee (Lair:3)
  A troll (Orc:2)
  A hornet (D:8)
  15 blink frogs
  6 dream sheep (Lair:4)
  5 wyverns
  6 basilisks
  72 yaks
  3 steam dragons
  A death yak simulacrum (IceCv)
  3 nagas (Lair:2)
  6 wargs
  4 hell hounds (Lair:5)
  A hydra simulacrum (IceCv)
  13 water moccasins
  A black bear (D:8)
  19 orc warriors
  3 sky beasts
  3 ice beasts
  7 ogres
  25 wolves
  3 centaurs
  A phantom (D:4)
  4 kobold brigands
  11 bullfrogs
  A necrophage (D:8)
  4 scorpions
  20 wights
  30 killer bees (Lair:3)
  An elephant simulacrum (IceCv)
  A howler monkey (D:10)
  An electric eel (Lair:1)
  5 lava snakes (Lair:5)
  35 orc priests
  A gnoll bouda (D:7)
  4 hounds
  2 jellies
  33 orc wizards
  3 hell rats
  An iguana (D:5)
  2 polar bear simulacra
  A wolf simulacrum (Lair:1)
  8 adders
  15 gnolls
  4 river rats (Lair:3)
  3 white imps
  An ufetubus (D:5)
  2 worms
  5 dart slugs
  69 orcs
  An endoplasm (D:2)
  10 giant cockroaches
  4 goblins
  4 hobgoblins
  2 jackals (D:1)
  6 quokkas
  9 ball pythons
  3 bats
  6 frilled lizards
  12 kobolds
  7 rats
599 creatures vanquished.

Vanquished Creatures (collateral kills)
  An ugly thing (IceCv)
  An ice statue (IceCv)
  2 anaconda simulacra (IceCv)
  A komodo dragon (Lair:5)
  A basilisk (Lair:5)
  A death yak simulacrum (IceCv)
7 creatures vanquished.

Vanquished Creatures (others)
  A harpy simulacrum (IceCv)
  An elephant simulacrum (IceCv)
  25 fungi
  25 plants
52 creatures vanquished.

Grand Total: 658 creatures vanquished

Notes
Turn   | Place    | Note
-------+----------+-------------------------------------------
     0 | D:1      | Lutefisk the Vine Stalker Brigand began the quest for the
                  | Orb.
     0 | D:1      | Reached XP level 1. HP: 11/11 MP: 2/2
    69 | D:1      | Reached skill level 5 in Stealth
   118 | D:1      | Reached XP level 2. HP: 10/15 MP: 1/3
   282 | D:2      | Reached XP level 3. HP: 18/20 MP: 4/4
   794 | D:3      | Identified the +4 ring mail of Youthful Indiscretion
                  | {Rampage rPois Int-3 SInv}
   794 | D:3      | You fall into a shaft and drop 1 floor!
   795 | D:4      | Noticed a scorpion
   816 | D:3      | Found Gozag's Platinum Reserve.
   831 | D:3      | Found an opulent altar of Gozag.
   940 | D:3      | Reached skill level 1 in Dodging
  1055 | D:3      | Gained mutation: Your natural rate of healing is unusually
                  | fast. [Vine Stalker growth]
  1055 | D:3      | Reached XP level 4. HP: 25/25 MP: 5/5
  1397 | D:3      | Found a glowing drain.
  1405 | Sewer    | Entered a sewer
  1458 | Sewer    | Reached XP level 5. HP: 29/29 MP: 6/6
  1507 | Sewer    | Reached skill level 1 in Long Blades
  1507 | Sewer    | Reached skill level 1 in Evocations
  1628 | Sewer    | Reached XP level 6. HP: 11/34 MP: 4/7
  1819 | D:4      | Found a basalt altar of Yredelemnul.
  1833 | D:4      | Reached skill level 5 in Fighting
  1833 | D:4      | Reached skill level 1 in Axes
  1940 | D:3      | Reached XP level 7. HP: 34/39 MP: 8/8
  2224 | D:5      | Entered Level 5 of the Dungeon
  2373 | D:5      | Found a blossoming altar of Fedhas.
  2474 | D:5      | Reached skill level 5 in Axes
  2508 | D:5      | Gained mutation: You have razor-sharp teeth. [Vine Stalker
                  | growth]
  2508 | D:5      | Reached XP level 8. HP: 43/43 MP: 9/9
  2557 | D:5      | Reached skill level 1 in Armour
  2579 | D:5      | Found Fiog's Lightly-Used Armoury.
  2795 | D:6      | Found a staircase to the Ecumenical Temple.
  2826 | Temple   | Entered the Ecumenical Temple
  2854 | Temple   | Became a worshipper of Elyvilon the Healer
  3090 | D:5      | Fell from the grace of Elyvilon
  3151 | D:6      | Reached XP level 9. HP: 41/48 MP: 6/10
  3286 | Temple   | Became a worshipper of Nemelex Xobeh the Trickster
  3408 | D:7      | Found a broken altar of Ashenzari.
  3848 | D:8      | Found a hazy altar of Hepliaklqana.
  3869 | D:8      | Found a shimmering blue altar of Sif Muna.
  3871 | D:8      | Found a shimmering altar of Xom.
  3871 | D:8      | Found a burning altar of Makhleb.
  3929 | D:8      | Found a hide-covered altar of Uskayaw.
  3998 | D:8      | Found a staircase to the Lair.
  4019 | D:8      | Reached * piety under Nemelex Xobeh
  4050 | D:8      | Received a gift from Nemelex Xobeh
  4079 | D:8      | Noticed a hornet
  4087 | D:8      | Killed a hornet
  4088 | D:8      | Reached XP level 10. HP: 56/56 MP: 11/11
  4248 | D:8      | Identified the +2 leather armour "Caed" {rC+ Int+3}
  4271 | Lair:1   | Entered Level 1 of the Lair of Beasts
  4334 | Lair:1   | Reached ** piety under Nemelex Xobeh
  4337 | Lair:1   | Received a gift from Nemelex Xobeh
  4362 | Lair:1   | Noticed a cane toad
  4374 | Lair:1   | Reached skill level 1 in Invocations
  4402 | Lair:1   | Killed a cane toad
  4421 | Lair:1   | Noticed Joseph
  4630 | Lair:1   | Killed Joseph
  4677 | Lair:1   | Found a frozen archway.
  4692 | IceCv    | Entered an ice cave
  4763 | IceCv    | Noticed a white ugly thing
  4763 | IceCv    | Noticed an ice statue
  4808 | IceCv    | Killed a white ugly thing
  4856 | IceCv    | Noticed an ice statue
  4870 | IceCv    | Killed an ice statue
  4874 | IceCv    | Noticed an ice statue
  5092 | IceCv    | Killed an ice statue
  5093 | IceCv    | Reached XP level 11. HP: 42/62 MP: 12/15
  5141 | IceCv    | Noticed a white ugly thing
  5144 | IceCv    | Killed a white ugly thing
  5160 | IceCv    | Identified the ring of Nihilism {Will++ Slay+4}
  5244 | Lair:1   | Reached skill level 5 in Armour
  5244 | Lair:1   | Reached skill level 5 in Dodging
  5486 | Lair:2   | Reached skill level 10 in Fighting
  5552 | Lair:2   | Reached skill level 10 in Axes
  5630 | Lair:2   | Found a staircase to the Snake Pit.
  5663 | Lair:2   | Received a gift from Nemelex Xobeh
  5727 | Lair:3   | Reached XP level 12. HP: 55/67 MP: 12/16
  5754 | Lair:3   | Reached *** piety under Nemelex Xobeh
  5787 | Lair:3   | Found a sparkling altar of Nemelex Xobeh.
  5844 | Lair:3   | Reached skill level 5 in Invocations
  5896 | Lair:3   | Noticed a death yak
  5896 | Lair:3   | Noticed a death yak
  5896 | Lair:3   | Noticed a death yak
  5935 | Lair:3   | Noticed a death yak
  5941 | Lair:4   | Noticed Snorg
  5941 | Lair:4   | Noticed a four-headed hydra
  6032 | Lair:4   | Received a gift from Nemelex Xobeh
  6319 | Lair:3   | Noticed a death yak
  6338 | Lair:2   | Killed a death yak
  6456 | Lair:4   | Noticed a death yak
  6490 | Lair:4   | Killed a four-headed hydra
  6564 | Lair:4   | Reached XP level 13. HP: 72/72 MP: 17/17
  6654 | Lair:4   | Received a gift from Nemelex Xobeh
  6831 | Lair:5   | Entered Level 5 of the Lair of Beasts
  6872 | Lair:5   | Reached **** piety under Nemelex Xobeh
  6959 | Lair:5   | Found a viscous altar of Jiyva.
  7192 | Lair:5   | Received a gift from Nemelex Xobeh
  7300 | Lair:5   | Noticed Rupert
  7340 | Lair:5   | Killed Rupert
  7454 | Lair:5   | Noticed a fire dragon
  7465 | Lair:5   | Found a large runed translucent door.
  7465 | Lair:5   | Found a large runed translucent door.
  7691 | Lair:3   | Reached XP level 14. HP: 73/79 MP: 17/20
  7841 | Lair:3   | Identified the amulet of the Eagle {Harm rF- Regen+ Str+10
                  | Int-5}
  7930 | Lair:3   | Reached skill level 5 in Evocations
  8131 | Lair:1   | Noticed Nergalle
  8141 | Lair:1   | Killed Nergalle
  8258 | D:9      | Received a gift from Nemelex Xobeh
  8287 | D:9      | Found a flagged portal.
  8288 | D:9      | Noticed Amaemon
  8294 | D:9      | Killed Amaemon
  8303 | Bailey   | Entered a bailey
  9064 | D:9      | Noticed Erolcha
  9069 | D:9      | Killed Erolcha
  9139 | D:9      | Found a sacrificial altar of Ru.
  9241 | D:10     | Entered Level 10 of the Dungeon
  9241 | D:10     | Noticed Maurice
  9245 | D:10     | Killed Maurice
  9246 | D:10     | Received a gift from Nemelex Xobeh
  9398 | D:10     | Found a portal to a secret trove of treasure.
  9416 | D:10     | Found an ancient bone altar of Kikubaaqudgha.
  9464 | D:10     | Received a gift from Nemelex Xobeh
  9512 | D:10     | Found a staircase to the Orcish Mines.
  9526 | D:10     | Reached ***** piety under Nemelex Xobeh
  9547 | Orc:1    | Entered Level 1 of the Orcish Mines
  9780 | Orc:1    | Received a gift from Nemelex Xobeh
  9836 | Orc:2    | Entered Level 2 of the Orcish Mines
  9837 | Orc:2    | Found Pelaido's Weapon Shoppe.
 10109 | Orc:2    | Found Faiff's Jewellery Emporium.
 10109 | Orc:2    | Found Mobbu's Jewellery Shoppe.
 10109 | Orc:2    | Found Fus Ruopung's Jewellery Shoppe.
 10112 | Orc:2    | Found Hugewom's Jewellery Emporium.
 10124 | Orc:2    | Bought the ring "Yvyebefa" {rPois rF+ Will++ Int+2 Dex-3}
                  | for 826 gold pieces
 10164 | Orc:2    | Received a gift from Nemelex Xobeh
 10182 | Orc:2    | Found a staircase to the Elven Halls.
 10202 | Orc:2    | Reached skill level 10 in Dodging
 10451 | Orc:2    | HP: 2/80 [orc priest/+1 vampiric trident (10)]
 10453 | Orc:2    | Mangled by an orc warrior

Illustrated notes

Levels and vault maps discovered:
D:1:      onia_arrival_mini_maze_b, layout_basic, minmay_misc_feat_plants
D:2:      layout_rooms, grunt_decor_mini_mirrors
D:3:      layout_loops_cross, nicolae_gozag_zags_fifth_avenue,
          cheibrodos_sewer_entry_bend
D:4:      layout_rooms, mainiacjoe_overflow_small_starburst
D:5:      layout_loops_ring, mainiacjoe_overflow_surrounded_room, zin_angel,
          minmay_shop_damaged, uniq_menkaure
D:6:      layout_layer_cave, minmay_temple_entry_butterflies
D:7:      layout_basic, mainiacjoe_overflow_alcove_1, uniq_crazy_yiuf_cottage
D:8:      nicolae_cairo_tiling, layout_rooms, lemuel_round_altar,
          grunt_temple_overflow_open
D:9:      layout_basic, nicolae_ru_path_of_blood, enter_bailey_2,
          hangedman_decor_growths, uniq_amaemon, uniq_erolcha
D:10:     layout_rooms, amcnicky_altar_gilded, nicolae_qazlal_eye_of_the_storm,
          orc_0_dummy, enter_trove_1, kennysheep_just_a_vault, uniq_maurice
Temple:   nicolae_temple_figure_zero
Lair:1:   layout_cave_pods, portal_ice_cave_entry_ice_simulacra,
          serial_bayou_pond_b, chequers_serial_rivers_room_a,
          grunt_megastairs_1, infiniplex_staircase_pool, uniq_nergalle,
          uniq_joseph
Lair:2:   layout_roguey, minmay_shoals_entry_lonely_mermaid,
          guppyfry_snake_entry_island
Lair:3:   regret_index_bee_streams, layout_concentric_octagons, basic_altar,
          kennysheep_abandoned_house
Lair:4:   layout_cellular_growth, nicolae_quartered_pool_medium, uniq_snorg
Lair:5:   cheibrodos_lair_end_hotspot, layout_cave_pods,
          minmay_slime_entry_oklob_enclosed, special_room
          [special_room_mythical_zoo], serial_bayou_pond_c,
          cheibrodos_lair_lostbears, uniq_rupert
Orc:1:    layout_caves, uniq_josephine
Orc:2:    st_orc_mages, layout_caves, serial_shops,
          nicolae_shop_bloodbath_and_beyond, nicolae_orc_pool_cavern,
          nicolae_orc_lava_room

Skill      XL: |  1  2  3  4  5  6  7  8  9 10 11 12 13 14 |
---------------+-------------------------------------------+-----
Fighting       | 2 3 4 5 6 8 9 10 11 12 | 12.0
Stealth        | 5 |  5.0
Dodging        | 1 2 3 4 5 8 9 10 | 10.0
Throwing       | 2 |  2.0
Long Blades    | 1 |  1.4
Evocations     | 2 3 5 |  5.0
Axes           | 2 5 6 8 9 10 11 12 | 12.0
Armour         | 2 3 4 5 8 9 |  9.1
Invocations    | 4 5 7 8 |  8.0
Short Blades   | |  1.7

Action                   |  1- 3 |  4- 6 |  7- 9 | 10-12 | 13-15 || total
-------------------------+-------+-------+-------+-------+-------++-------
Melee: Dagger            |    28 |       |       |       |       ||    28
       Bite              |     8 |    33 |    73 |   126 |   209 ||   449
       Short sword       |    38 |   172 |   126 |     1 |       ||   337
       Punch             |       |     2 |     4 |     6 |    11 ||    23
       Broad axe         |       |       |   122 |   354 |   612 ||  1088
Throw: Dart              |       |     1 |    38 |    10 |       ||    49
Invok: Renounce Religion |       |       |     1 |       |       ||     1
       Draw Destruction  |       |       |       |    12 |     8 ||    20
       Draw Summoning    |       |       |       |     2 |     2 ||     4
       Triple Draw       |       |       |       |       |     1 ||     1
Evoke: Wand              |       |       |     1 |     6 |       ||     7
  Use: Scroll            |       |     1 |     8 |    14 |    10 ||    33
       Potion            |       |       |       |       |     1 ||     1
 Stab: Sleeping          |    11 |     6 |    11 |     7 |    16 ||    51
       Distracted        |       |       |       |     1 |     1 ||     2
Armor: Robe              |     6 |       |       |       |       ||     6
       Leather armour    |     2 |    68 |    63 |    67 |   121 ||   321
Dodge: Dodged            |    32 |    85 |   105 |   245 |   514 ||   981
